 Dungeon Crawl Stone Soup version 0.27.1-3-gb3d3a73c9e (webtiles) character file.

Game seed: 7477107693757126853

42 BinkBink the Caller (level 3, -1/19 HPs)
             Began as a Kobold Summoner on Oct 31, 2021.
             Slain by an adder (4 damage)
             ... on level 2 of the Dungeon.
             The game lasted 00:07:13 (3378 turns).

BinkBink the Caller (Kobold Summoner)               Turns: 3378, Time: 00:07:13

Health: -1/19      AC:  2    Str:  5    XL:     3   Next: 77%
Magic:  2/7        EV: 15    Int: 17    God:
Gold:   90         SH:  0    Dex: 21    Spells: 4/8 levels left

rFire    . . .     SeeInvis .   (weapon restricted)
rCold    . . .     Faith    .   (shield restricted)
rNeg     . . .     Spirit   .   a - +0 robe
rPois    .         Reflect  .   (no helmet)
rElec    .         Harm     .   (no cloak)
rCorr    .         Rampage  .   (no gloves)
Will     .....                  (no boots)
Stlth    ++++......             (no amulet)
HPRegen  0.06/turn              b - +6 ring of dexterity
MPRegen  0.10/turn              (no ring)

@: lethally poisoned (-1 -> -2)
A: small, no large weapons, nightstalker 3
a: no special abilities


You were on level 2 of the Dungeon.
You visited 1 branch of the dungeon, and saw 2 of its levels.

You collected 90 gold pieces.

Inventory:

Armour
 a - a +0 robe (worn)
Jewellery
 b - a +6 ring of dexterity (left hand)
 i - a ring of protection from fire
Scrolls
 f - 3 scrolls of torment {unknown}
 g - a scroll of noise {unknown}
 h - a scroll of magic mapping {unknown}
 j - a scroll of enchant armour {unknown}
Potions
 c - a potion of resistance {unknown}
 d - a potion of heal wounds {unknown}
 e - a potion of degeneration {unknown}
 k - a potion of lignification {unknown}
 l - a potion of haste {unknown}


   Skills:
 + Level 2.4 Dodging
 + Level 2.9 Stealth
 + Level 3.0 Spellcasting
 + Level 4.6 Summonings


You had 4 spell levels left.
You knew the following spells:

 Your Spells              Type           Power      Damage    Failure   Level
a - Summon Small Mammal   Summ           72%        N/A       2%          1
b - Call Canine Familiar  Summ           18%        N/A       8%          3

Your spell library contained the following spells:

 Spells                   Type           Power      Damage    Failure   Level
 Call Imp                 Summ           18%        N/A       3%          2
 Summon Guardian Golem    Hex/Summ       10%        N/A       21%         3
 Summon Lightning Spire   Summ/Air       10%        N/A       54%         4


Dungeon Overview and Level Annotations

Branches:
Dungeon (2/15)

Altars:


Innate Abilities, Weirdness & Mutations

You are small and have problems with some larger weapons.
You are completely attuned to the shadows.


Message History

The adder poisons your quokka!
Your quokka dies!
Your quokka's corpse disappears in a puff of smoke!
Casting: Summon Small Mammal (safe; 2% risk of failure)
Confirm with . or Enter, or press ? or * to list all spells.
The adder bites your rat.
Your rat dies!
Your rat's corpse disappears in a puff of smoke!
There is a stone staircase leading down here.
The adder barely misses you. The adder closely misses you.
The adder misses you. The adder barely misses you. The adder bites you.
You are poisoned.
The adder poisons you!
You feel sick.
You feel sick.
You feel sick.
You feel sick.
You are no longer poisoned.
The adder bites you. The adder misses you. The adder closely misses you.
The adder barely misses you. The adder closely misses you. The adder bites you.
You are poisoned.
The adder poisons you!
You feel sick.
You feel sick.
Casting: Summon Small Mammal (safe; 2% risk of failure)
Confirm with . or Enter, or press ? or * to list all spells.
You feel sick. The adder closely misses you. The adder barely misses you.
You feel sick.
Your bat barely misses the adder.
Sorry, you're not good enough to have a special ability.
Casting: Summon Small Mammal (safe; 2% risk of failure)
Confirm with . or Enter, or press ? or * to list all spells.
You feel sick.
Your bat closely misses the adder.
The adder bites you.
You die...

######## .......# ######.# ..#
#.# #.# #.# ######## #.# #.#
#......#
#.####<#################......#
#
..............bS@......†.r.>..#
#
#.####.##.....r############'###
# #.# #.##......# #.# #
#.####.##......# ##########.###
# #......##......#
#.....)......# #
#########......###............#
# #.....................# #
#####.................# #
#.....#######...#####


You could see an adder (ally target), a friendly bat (summoned) and a friendly
rat (summoned).

Vanquished Creatures (collateral kills)
  4 adders (D:2)
  8 ball pythons
  2 bats
  3 endoplasms (D:2)
  A giant cockroach (D:2)
  5 goblins (D:1)
  3 hobgoblins
  3 quokkas
  A frilled lizard (D:2)
  4 kobolds
  2 rats (D:1)
36 creatures vanquished.

Notes
Turn   | Place    | Note
-------+----------+-------------------------------------------
     0 | D:1      | BinkBink the Kobold Summoner began the quest for the Orb.
     0 | D:1      | Reached XP level 1. HP: 10/10 MP: 3/3
   958 | D:1      | Reached XP level 2. HP: 15/15 MP: 1/5
  1504 | D:1      | Found a faded altar of an unknown god.
  2133 | D:2      | Reached XP level 3. HP: 14/19 MP: 2/6
  2137 | D:2      | Learned a level 3 spell: Call Canine Familiar
  3378 | D:2      | Slain by an adder

Illustrated notes

Levels and vault maps discovered:
D:1:      lightli_iron_boxes, layout_basic,
          shapermc_ecumenical_altar_notcrosses, columned_hall_lemuel,
          minmay_heptomino_d4
D:2:      layout_basic

Skill      XL: |  1  2  3 |
---------------+----------+-----
Spellcasting   | 3 |  3.0
Dodging        | |  2.4
Stealth        | |  2.9
Summonings     | |  4.6

Action                   || total
-------------------------++-------
Melee: Unarmed           ||     3
 Cast: Summon Small Mamm ||   119
 Stab: Sleeping          ||     2
Armor: Robe              ||     7
Dodge: Dodged            ||    57
